 Dungeon Crawl Stone Soup version 0.22-a0-362-g535178c (webtiles) character file.

446 Amnesiac the Cutter (level 6, -9/47 HPs)
             Began as a Mummy Chaos Knight on Apr 19, 2018.
             Killed by divine providence
             ... invoked by an orc priest
              (12 damage)
             ... on level 4 of the Dungeon.
             The game lasted 00:05:34 (3239 turns).

Amnesiac the Cutter (Mummy Chaos Knight)            Turns: 3239, Time: 00:05:35

Health: -9/47      AC:  7    Str: 17    XL:     6   Next: 73%
Magic:  6/6        EV: 11    Int: 12    God:    Xom [..*...]
Gold:   554        SH:  8    Dex: 11    Spells: 5/5 levels left

rFire    x . .     SeeInvis .   a - +1 short sword (elec)
rCold    + + .     Gourm    .   i - +0 buckler
rNeg     + + +     Faith    .   j - +2 leather armour
rPois    ∞         Spirit   .   (no helmet)
rElec    .         Reflect  +   g - scarf {repulsion}
rCorr    .         Harm     .   p - +0 pair of gloves
MR       .....                  e - +0 pair of boots
Stlth    +.........             n - +4 amulet of reflection
HPRegen  0.15/turn              l - ring of protection from cold
MPRegen  0.10/turn              (no ring)

@: very slightly contaminated, repel missiles
A: no food or potions, fire vulnerability, cold resistance 1, negative energy
resistance 3, torment resistance, unbreathing
a: Renounce Religion


You were on level 4 of the Dungeon.
You worshipped Xom.
You were a toy of Xom.
You were not hungry.

You visited 1 branch of the dungeon, and saw 4 of its levels.

You collected 554 gold pieces.

Inventory:

Hand Weapons
 a - a +1 short sword of electrocution (weapon)
 b - a +0 short sword of chaos
Missiles
 c - a throwing net (quivered)
 h - 7 javelins
 k - 9 poisoned needles
 m - 8 needles of frenzy
Armour
 d - a scarf of cloud immunity
 e - a +0 pair of boots (worn)
 g - a scarf of repulsion (worn)
 i - a +0 buckler (worn)
 j - a +2 leather armour (worn)
 p - a +0 pair of gloves (worn)
Jewellery
 l - a ring of protection from cold (left hand)
 n - a +4 amulet of reflection (around neck)
Scrolls
 f - 2 scrolls of magic mapping {!r}
 o - 2 scrolls of remove curse {!r}


   Skills:
 - Level 3.0 Fighting
 * Level 5.8 Short Blades
 - Level 1.6 Armour
 - Level 1.6 Dodging
 - Level 1.6 Shields


You had 5 spell levels left.
You didn't know any spells.

Dungeon Overview and Level Annotations

Branches:
Dungeon (4/15)
 Temple: D:4-7

Altars:
Xom


Innate Abilities, Weirdness & Mutations

You do not eat or drink.
Your flesh is vulnerable to fire.
You are immune to poison.
Your flesh is cold resistant. (rC+)
You are immune to negative energy. (rN+++)
You are immune to unholy pain and torment.
You can survive without breathing.


Message History

You are engulfed in mutagenic fog.
The mutagenic energy flows into you.
You are very lightly contaminated with residual magic.
Wear which item? (? for menu, Esc to quit)
Okay, then.
Really walk into that cloud of mutagenic fog?
You are engulfed in mutagenic fog.
The mutagenic energy flows into you.
You are lightly contaminated with residual magic.
You start resting.
HP restored.
Things that are here:
a whip; a chain mail Your trail of clouds dissipates.
Key pressed, stopping explore.
An orc priest comes into view. It is wielding a club.
The orc priest shouts!
An orc priest is nearby!
An orc priest is nearby!
No target in view!
No target in view!
A scorpion, an orc priest, an orc wizard and a skeleton come into view.
The orc priest shouts!
The orc wizard shouts!
The orc priest hits you with a club.
The orc priest mumbles some strange prayers to Beogh against you.
Beogh smites you!
You hit the orc priest.
The orc priest is moderately wounded.
The orc wizard casts a spell.
The orc wizard seems to speed up.
The orc priest mumbles some strange prayers to Beogh against you.
Beogh smites you!
* * * LOW HITPOINT WARNING * * *
You hit the orc priest.
The orc priest is moderately wounded.
The orc priest calls down the wrath of Beogh upon you.
Beogh smites you!
* * * LOW HITPOINT WARNING * * *
You are too injured to fight recklessly!
You can't drink.
Really read
o - 3 scrolls labeled SUSMEI BAASCH {!r}?
As you read the scroll labeled SUSMEI BAASCH {!r}, it crumbles to dust.
You feel blessed for a moment.
It was a scroll of remove curse {!r}.
The scorpion barely misses you.
You aren't carrying any items that you can evoke.
Okay, then.
You hit the scorpion.
The scorpion is moderately wounded.
The scorpion closely misses you.
You hit the orc priest.
The orc priest is heavily wounded.
The scorpion barely misses you. The orc priest closely misses you.
You hit the orc priest.
Lightning courses through the orc priest!
You kill the orc priest!
The scorpion stings you.
* * * LOW HITPOINT WARNING * * *
The centaur skeleton hits you but does no damage.
The orc wizard casts a spell.
The orc wizard blinks!
The orc wizard gestures wildly while chanting.
The orc wizard blinks!
The centaur skeleton barely misses you.
The orc priest calls down the wrath of Beogh upon you.
Beogh smites you!
You die...
Xom is highly amused!

#...
####################... .
..................##...
.o...........%...........
...#######.....#####.####
........##.....# #..# #
........##.....######.###
#.....................#..
#.......@#.....##....)).#
#....§.sZ########....#..#
#......).# #.......#
#......o## #...###.#
######...Z..... #...# #.)
#.§....... #...# ##)
#......... #...# #.
#...o..... #...# #.
#......... #...# ##


You could see a scorpion, an orc priest, an orc wizard and a centaur skeleton.

Vanquished Creatures
  A phantom (D:4)
  A scorpion (D:2)
  An orc priest (D:4)
  A centaur skeleton (D:4)
  A bullfrog skeleton (D:4)
  Natasha (twice) (D:2)
  3 orc wizards (D:4)
  An adder (D:3)
  An ooze (D:3)
  2 worms
  A dart slug (D:1)
  2 leopard geckos
  9 orcs
  6 giant cockroaches
  5 goblins
  7 hobgoblins
  4 jackals (D:1)
  A ball python (D:3)
  7 bats
  5 frilled lizards
  9 kobolds
  A quokka skeleton (D:4)
  6 rats
77 creatures vanquished.

Notes
Turn   | Place    | Note
-------+----------+-------------------------------------------
     0 | D:1      | Amnesiac the Mummy Chaos Knight began the quest for the Orb.
     0 | D:1      | Reached XP level 1. HP: 18/18 MP: 1/1
    85 | D:1      | Reached skill level 1 in Dodging
   171 | D:1      | Reached XP level 2. HP: 24/24 MP: 2/2
   390 | D:1      | XOM: mild Fire miscast
   634 | D:1      | XOM: mild Necr miscast
   803 | D:1      | XOM: divination: detect items
   921 | D:2      | Reached skill level 3 in Short Blades
   937 | D:2      | Reached XP level 3. HP: 25/29 MP: 3/3
  1040 | D:2      | XOM: divination: magic mapping
  1061 | D:2      | Noticed Natasha
  1062 | D:2      | XOM: potion effect (haste)
  1063 | D:2      | XOM: cast spell 'Olgreb's Toxic Radiance'
  1067 | D:2      | Killed Natasha
  1107 | D:2      | Noticed Natasha
  1109 | D:2      | XOM: noise
  1117 | D:2      | Noticed Natasha
  1117 | D:2      | Natasha changed into Natasha the scorpion
  1134 | D:2      | XOM: harmless Hex miscast
  1203 | D:1      | XOM: god gift: emerald potion {god gift}
  1392 | D:1      | XOM: scenery: create altars
  1493 | D:2      | XOM: summons friendly iron imp
  1496 | D:2      | Killed Natasha the scorpion
  1496 | D:2      | Reached skill level 1 in Shields
  1496 | D:2      | Reached XP level 4. HP: 35/35 MP: 4/4
  1508 | D:2      | Noticed Natasha
  1529 | D:2      | Killed Natasha
  1529 | D:2      | Reached skill level 4 in Short Blades
  1529 | D:2      | Reached XP level 5. HP: 13/41 MP: 5/5
  1893 | D:2      | XOM: god gift: 360 gold pieces
  1932 | D:3      | XOM: medium Summ miscast
  1933 | D:3      | Noticed a spatial vortex
  1933 | D:3      | Noticed a spatial vortex
  1933 | D:3      | Noticed a spatial vortex
  1936 | D:3      | XOM: butterfly on damage
  2287 | D:3      | XOM: 1-stop teleportation journey
  2311 | D:3      | XOM: 7-stop teleportation journey
  2337 | D:3      | XOM is BORED!
  2337 | D:3      | XOM: mild Ice miscast
  2533 | D:3      | XOM: 4-stop teleportation journey
  2662 | D:3      | XOM: cloud trail
  2731 | D:3      | Paralysed by you for 4 turns
  2961 | D:4      | Reached skill level 5 in Short Blades
  2961 | D:4      | Reached XP level 6. HP: 31/47 MP: 6/6
  3064 | D:4      | XOM: divination: detect creatures
  3143 | D:4      | XOM: cloud trail
  3237 | D:4      | HP: 2/47 [scorpion (4)]
  3239 | D:4      | Killed from afar by an orc priest

Vault maps used:
D:1:      dpeg_arrival_erosion
D:2:      minivault_23, uniq_natasha
D:4:      lemuel_castle_with_subvaults, first_ration, uniq_menkaure

Skill      XL: |  1  2  3  4  5 |
---------------+----------------+-----
Dodging        | 1 |  1.6
Short Blades   | 3 4 5 |  5.8
Shields        | 1 |  1.6
Fighting       | |  3.0
Armour         | |  1.6

Action                   |  1- 3 |  4- 6 || total
-------------------------+-------+-------++-------
Melee: Short sword       |   140 |   170 ||   310
  Use: Scroll            |     3 |     1 ||     4
 Stab: Distracted        |     1 |       ||     1
Armor: Leather armour    |    41 |    49 ||    90
Dodge: Dodged            |    84 |    61 ||   145
       Deflected         |     2 |       ||     2
Block: Buckler           |       |    49 ||    49
       Reflection        |       |     1 ||     1

Table legend:
 A = Spawn XP
 B = Non-spawn XP
 C = Spawn XP percentage of total XP
 D = Spawn monster count
 E = Non-spawn monster count
 F = Spawn count percentage of total count
 G = Total turns spent on level
                    A         B        C        D         E        F      G
               +---------+---------+-------+---------+---------+-------+---------
         Total |       0 |     638 |   0.0 |       0 |      77 |   0.0 |  3239
               +---------+---------+-------+---------+---------+-------+---------
           D:1 |       0 |      35 |   0.0 |       0 |      22 |   0.0 |  1131
           D:2 |       0 |     168 |   0.0 |       0 |      19 |   0.0 |   793
           D:3 |       0 |      64 |   0.0 |       0 |      22 |   0.0 |   838
           D:4 |       0 |     371 |   0.0 |       0 |      14 |   0.0 |   477
               +---------+---------+-------+---------+---------+-------+---------
